 Dungeon Crawl Stone Soup version 0.22-a0-362-g535178c (webtiles) character file.

195 Amnesiac the Grave Robber (level 5, 35/35 HPs)
             Began as a Mummy Necromancer on Apr 20, 2018.
             Was a Believer of Lugonu.
             Quit the game on level 2 of the Dungeon.
             The game lasted 00:04:47 (2196 turns).

Amnesiac the Grave Robber (Mummy Necromancer)       Turns: 2196, Time: 00:04:47

Health: 35/35      AC:  4    Str: 12    XL:     5   Next: 45%
Magic:  12/12      EV: 14    Int: 15    God:    Lugonu [**....]
Gold:   64         SH:  0    Dex: 12    Spells: 10/14 levels left

rFire    x . .     SeeInvis .   b - +2 dagger (freeze)
rCold    + . .     Gourm    .   (no shield)
rNeg     + + +     Faith    .   a - +0 robe
rPois    ∞         Spirit   .   i - +0 helmet
rElec    .         Reflect  .   (no cloak)
rCorr    +         Harm     .   e - +0 pair of gloves
MR       .....                  (no boots)
Stlth    ++........             (no amulet)
HPRegen  0.11/turn              d - +2 ring of evasion
MPRegen  0.13/turn              f - ring of resist corrosion

@: no status effects
A: no food or potions, fire vulnerability, cold resistance 1, negative energy
resistance 3, torment resistance, unbreathing
a: Depart the Abyss, Bend Space, Renounce Religion


You were on level 2 of the Dungeon.
You worshipped Lugonu.
Lugonu was pleased with you.
You were not hungry.

You visited 2 branches of the dungeon, and saw 7 of its levels.

You collected 64 gold pieces.

Inventory:

Hand Weapons
 b - a +2 dagger of freezing (weapon)
Armour
 a - a +0 robe (worn)
 e - a +0 pair of gloves (worn)
 i - a +0 helmet (worn)
Jewellery
 d - a +2 ring of evasion (left hand)
 f - a ring of resist corrosion (right hand)


   Skills:
 - Level 1.6 Dodging
 - Level 1.5 Stealth
 + Level 5.3 Spellcasting
 + Level 5.5 Necromancy


You had 10 spell levels left.
You knew the following spells:

 Your Spells              Type           Power        Failure   Level  Hunger
a - Pain                  Necr           ###.         1%          1    N/A
d - Vampiric Draining     Necr           ###.......   4%          3    N/A

Dungeon Overview and Level Annotations

Branches:
Dungeon (6/15)             Temple (1/1) D:4

Altars:
Ashenzari
Dithmenos
Fedhas
Gozag
Makhleb
Nemelex Xobeh
Qazlal
Ru
Uskayaw
Wu Jian
Xom
Zin
Lugonu

Annotations:
D:2 Terence
D:3 Grinder
D:5 zero's ghost, amateur SpEn


Innate Abilities, Weirdness & Mutations

You do not eat or drink.
Your flesh is vulnerable to fire.
You are immune to poison.
Your flesh is cold resistant. (rC+)
You are immune to negative energy. (rN+++)
You are immune to unholy pain and torment.
You can survive without breathing.


Message History

Wear which item? (? for menu, Esc to quit)
You start putting on your armour.
You continue putting on your +0 helmet. x4
You finish putting on your +0 helmet.
You start resting.
HP restored.
An ogre comes into view. It is wielding a giant club.
A giant cockroach comes into view.
The ogre hits you but does no damage.
There is an open door here.
Unknown command.
Really walk into a travel-excluded area?
The ogre shouts!
The giant cockroach bites you but does no damage.
The giant cockroach misses you. The giant cockroach barely misses you.
The giant cockroach misses you. The giant cockroach closely misses you.
The giant cockroach misses you.
The giant cockroach bites you but does no damage.
There is a stone staircase leading up here.
Unknown command.
The giant cockroach closely misses you.
You climb upwards.
Level annotation: Grinder
There is a stone staircase leading down here.
You closely miss the giant cockroach. The giant cockroach closely misses you.
The giant cockroach barely misses you.
You closely miss the giant cockroach. The giant cockroach barely misses you.
You hit the giant cockroach but do no damage.
The giant cockroach completely misses you.
You hit the giant cockroach. You freeze the giant cockroach.
The giant cockroach is heavily wounded.
The giant cockroach closely misses you.
You closely miss the giant cockroach.
The giant cockroach is heavily wounded.
The giant cockroach barely misses you.
You closely miss the giant cockroach.
The giant cockroach is heavily wounded.
The giant cockroach misses you. The giant cockroach bites you.
You hit the giant cockroach. You freeze the giant cockroach.
You kill the giant cockroach!
You see here a giant cockroach corpse.
Search for what [Enter for "faded", or ? for help]?
There is a stone staircase leading down here.
HP restored.
There is a stone staircase leading up here.
You climb upwards.
Level annotation: Terence
There is a stone staircase leading down here.
You open the door.
There is an open door here.
There is a faded altar of an unknown god here.
There is a stone staircase leading up here.
There is a faded altar of an unknown god here.
You cannot tell which god this altar belongs to.
Convert to them anyway?
Okay, then.
Unknown command.
Press < or > to pray at altars.
You cannot tell which god this altar belongs to.
Convert to them anyway?
Lugonu accepts your prayer! Lugonu welcomes you!
You can now depart the Abyss.
You can now bend space around yourself.
Okay, then.
Are you sure you want to abandon this character and quit the game? (Confirm with "yes".)

.# ####.....##.# #. #..... .#
#..'......#.# #..#.....
.###'##....###.# # ..#...l.
.............#.# . ..#'#
..........<#.#.# .# #.#.#
......######.#.####.# #.#.#
......'......#......# #...###
......#.........8...########.....
......#........8@8...........>###
......#.........8..##########'#
#######............# #...†[...
########'##.....# #........
#..'.....+ +........ ####.....#
#........ .....# #......(. .....#
#........ #### #........


There were no monsters in sight!

Vanquished Creatures
  A hound (D:5)
  An iguana (D:4)
  3 worker ants (D:4)
  A hound skeleton (D:6)
  An adder (D:4)
  A shadow imp (D:4)
  2 leopard geckos
  An orc (D:3)
  A giant cockroach (D:3)
  8 goblins
  3 hobgoblins
  2 kobolds (D:2)
  3 quokkas
  5 bats
  5 rats
38 creatures vanquished.

Notes
Turn   | Place    | Note
-------+----------+-------------------------------------------
     0 | D:1      | Amnesiac the Mummy Necromancer began the quest for the Orb.
     0 | D:1      | Reached XP level 1. HP: 13/13 MP: 4/4
   185 | D:1      | Reached XP level 2. HP: 18/19 MP: 3/6
   560 | D:2      | Found a faded altar of an unknown god.
   760 | D:3      | Noticed Grinder
   834 | D:2      | Noticed Terence
   846 | D:2      | Reached XP level 3. HP: 24/24 MP: 5/8
   851 | D:2      | Learned a level 3 spell: Vampiric Draining
  1236 | D:4      | Reached XP level 4. HP: 28/30 MP: 5/10
  1283 | D:4      | Reached skill level 5 in Necromancy
  1406 | D:4      | Noticed an ogre
  1444 | D:4      | Found a staircase to the Ecumenical Temple.
  1464 | Temple   | Entered the Ecumenical Temple
  1550 | D:4      | Reached XP level 5. HP: 22/35 MP: 0/12
  1636 | D:5      | Entered Level 5 of the Dungeon
  1705 | D:5      | Reached skill level 5 in Spellcasting
  1716 | D:5      | Noticed zero's ghost (amateur SpEn)
  1772 | D:5      | Noticed a phantom
  2067 | D:4      | Noticed an ogre
  2195 | D:2      | Became a worshipper of Lugonu the Unformed
  2195 | D:2      | Reached * piety under Lugonu
  2195 | D:2      | Reached ** piety under Lugonu
  2196 | D:2      | Quit the game

Vault maps used:
D:1:      dpeg_arrival_three_smaller_balls
D:2:      chequers_ecumenical_altar_simple, uniq_terence
D:3:      first_ration, minmay_joined_circles, uniq_grinder
D:4:      temple_green
D:6:      kiku_gazebo_garden_becter, minitemple, basic_altar
Temple:   nicolae_temple_hex_pool

Skill      XL: |  1  2  3  4  5 |
---------------+----------------+-----
Spellcasting   | 3 4 5 |  5.3
Necromancy     | 5 |  5.5
Dodging        | |  1.6
Stealth        | |  1.5

Action                   |  1- 3 |  4- 6 || total
-------------------------+-------+-------++-------
Melee: Unarmed           |     9 |       ||     9
       Dagger            |    13 |    35 ||    48
 Cast: Pain              |    43 |    27 ||    70
       Vampiric Draining |       |     1 ||     1
  Use: Scroll            |       |     3 ||     3
 Stab: Sleeping          |     2 |       ||     2
Armor: Robe              |     4 |     6 ||    10
Dodge: Dodged            |    14 |    55 ||    69

Table legend:
 A = Spawn XP
 B = Non-spawn XP
 C = Spawn XP percentage of total XP
 D = Spawn monster count
 E = Non-spawn monster count
 F = Spawn count percentage of total count
 G = Total turns spent on level
                    A         B        C        D         E        F      G
               +---------+---------+-------+---------+---------+-------+---------
         Total |       0 |     279 |   0.0 |       0 |      38 |   0.0 |  2196
               +---------+---------+-------+---------+---------+-------+---------
           D:1 |       0 |      15 |   0.0 |       0 |       8 |   0.0 |   250
           D:2 |       0 |      24 |   0.0 |       0 |      14 |   0.0 |   509
           D:3 |       0 |      10 |   0.0 |       0 |       5 |   0.0 |   555
           D:4 |       0 |     172 |   0.0 |       0 |       9 |   0.0 |   732
           D:5 |       0 |      40 |   0.0 |       0 |       1 |   0.0 |    56
           D:6 |       0 |      18 |   0.0 |       0 |       1 |   0.0 |    34
               +---------+---------+-------+---------+---------+-------+---------
